 Dungeon Crawl Stone Soup version 0.28.0 (webtiles) character file.

Game seed: 8356568262030134326

4848 4FPSwarrior the Summoner (level 10, -1/83 HPs)
             Began as a Barachi Summoner on Feb 17, 2022.
             Was a Follower of Cheibriados.
             Slain by a skeletal warrior (22 damage)
             ... on level 7 of the Dungeon.
             The game lasted 00:43:19 (12729 turns).

4FPSwarrior the Summoner (Barachi Summoner)        Turns: 12729, Time: 00:43:20

Health: -1/83      AC:  7    Str: 14    XL:     10   Next: 49%
Magic:  5/20       EV: 12    Int: 20    God:    Cheibriados [*.....]
Gold:   1265       SH:  5    Dex: 18    Spells: 12/22 levels left

rFire   + . .      SeeInvis .   F - +2 dagger (elec)
rCold   . . .      Faith    .   u - +0 buckler
rNeg    . . .      Spirit   .   m - +1 leather armour of Tartarus {rF+ Str+2 Dex+2}
rPois   .          Reflect  .   (no helmet)
rElec   .          Harm     .   (no cloak)
rCorr   .          Rampage  .   (no gloves)
Will    .....                   q - +2 pair of boots
Stlth   ++........              (no amulet)
HPRegen 0.23/turn               (no ring)
MPRegen 0.17/turn               (no ring)

@: studying 2 skills, very slow
A: amphibious, slowness 1, strong legs 1, +LOS
a: Hop, Renounce Religion, Bend Time


You were on level 7 of the Dungeon.
You worshipped Cheibriados.
Cheibriados was aware of your devotion.
You visited 2 branches of the dungeon, and saw 8 of its levels.

You collected 1265 gold pieces.

Inventory:

Hand Weapons
 y - a +1 dagger of flaming
 F - a +2 dagger of electrocution (weapon)
Missiles
 d - 51 bolts
Armour
 a - a +1 robe of the Archmagi
 m - the +1 leather armour of Tartarus (worn) {rF+ Str+2 Dex+2}
   (You found it on level 7 of the Dungeon)

   Str:       It affects your strength (+2).
   Dex:       It affects your dexterity (+2).
   rF:        It protects you from fire.
 q - a +2 pair of boots (worn)
 u - a +0 buckler (worn)
 B - a +2 tower shield of reflection
 E - a +2 leather armour of willpower
Jewellery
 e - an amulet of faith
 k - a ring of fire
Wands
 f - a wand of flame (22)
 h - a wand of iceblast (8)
 p - a wand of digging (3)
 t - a wand of mindburst (19)
 C - a wand of paralysis (6)
Scrolls
 b - a scroll of enchant armour
 g - 3 scrolls of fear
 r - a scroll of brand weapon
 v - 2 scrolls of amnesia
 z - 2 scrolls of magic mapping
Potions
 c - 2 potions of lignification
 i - 3 potions of mutation
 j - a potion of resistance
 l - 2 potions of flight
 o - a potion of magic {unknown}
 s - a potion of might
 x - a potion of brilliance {unknown}


   Skills:
 * Level 9.4 Fighting
 + Level 1.0 Short Blades
 + Level 2.0 Armour
 + Level 2.6 Dodging
 - Level 1.8 Stealth
 + Level 4.2 Shields
 + Level 6.7 Spellcasting
 + Level 4.7 Hexes
 * Level 10.5 Summonings
 + Level 4.7 Translocations
 + Level 0.9 Invocations


You had 12 spell levels left.
You knew the following spells:

 Your Spells              Type           Power      Damage    Failure   Level
a - Summon Small Mammal   Summ           100%       N/A       1%          1
b - Call Canine Familiar  Summ           48%        N/A       1%          3
c - Call Imp              Summ           48%        N/A       1%          2
d - Summon Guardian Gole  Hex/Summ       37%        N/A       1%          3
e - Apportation           Tloc           50%        N/A       2%          1

Your spell library contained the following spells:

 Spells                   Type           Power      Damage    Failure   Level
 Animate Skeleton         Necr           12%        N/A       16%         1
 Magic Dart               Conj           24%        1d4       16%         1
 Summon Lightning Spire   Summ/Air       27%        N/A       19%         4
 Mephitic Cloud           Conj/Pois/Air  6%         N/A       43%         3
 Animate Dead             Necr           3%         N/A       83%         4
 Borgnjor's Vile Clutch   Necr/Erth      3%         N/A       99%         5
 Death Channel            Necr           3%         N/A       100%        6


Dungeon Overview and Level Annotations

Branches:
Dungeon (7/15)             Temple (1/1) D:7

Altars:
Ashenzari
Cheibriados
Dithmenos
Elyvilon
Fedhas
Gozag
Hepliaklqana
Kikubaaqudgha
Makhleb
Nemelex Xobeh
Okawaru
Qazlal
Ru
Sif Muna
Trog
Vehumet
Wu Jian
Xom
Yredelemnul
Zin
The Shining One

Shops:
D:7 (

Annotations:
D:3 Sigmund


Innate Abilities, Weirdness & Mutations

You are amphibious.
You cover ground slowly.
You can hop short distances.
You have an extended range of vision and can be seen from far away.


Message History

Aim: a skeletal warrior, wielding a +2 hand axe of pain, wearing a +0 scale mail and quivering stones (severely damaged) Attack!
Your wolf bites the skeletal warrior.
The skeletal warrior barely misses your wolf.
Your wolf barely misses the skeletal warrior.
Your wolf bites the skeletal warrior.
The skeletal warrior hits your wolf with a +2 hand axe of pain!
Your wolf writhes in agony.
Your wolf closely misses the skeletal warrior.
The skeletal warrior barely misses your wolf.
Your wolf bites the skeletal warrior but does no damage.
Your wolf bites the skeletal warrior.
The skeletal warrior hits your wolf with a +2 hand axe of pain!
Your wolf dies!
Your wolf's corpse disappears in a puff of smoke!
Casting: Call Canine Familiar (safe; 1% risk of failure)
Confirm with . or Enter, or press ? or * to list all spells.
The skeletal warrior misses your hound.
Your hound bites the skeletal warrior.
The skeletal warrior throws a stone.
The stone hits your hound!
Your hound dies!
Your hound's corpse disappears in a puff of smoke!
Casting: Call Canine Familiar (safe; 1% risk of failure)
Confirm with . or Enter, or press ? or * to list all spells.
You hit the skeletal warrior but do no damage.
The skeletal warrior is almost destroyed.
Your wolf bites the skeletal warrior.
The skeletal warrior barely misses you.
The skeletal warrior hits your wolf with a +2 hand axe of pain!
Your wolf writhes in agony.
Your wolf dies!
Your wolf's corpse disappears in a puff of smoke!
You hit the skeletal warrior but do no damage.
The skeletal warrior is almost destroyed.
The skeletal warrior hits you with a +2 hand axe of pain.
* * * LOW HITPOINT WARNING * * *
You writhe in agony.
* * * LOW HITPOINT WARNING * * *
Casting: Call Canine Familiar (safe; 1% risk of failure)
Confirm with . or Enter, or press ? or * to list all spells.
The skeletal warrior hits you with a +2 hand axe of pain!!
You die...

.○......##.#.#.##
..
#####..##....†..##
.. #
#.##.###.###.## .#
#.#.°#.#.#.#..# .#
#.##.##...##.##..#
#.'.....8..†..§9#
#.##.##...##.##..#
#.#..#|#.#|#z.# g#
#.##.###.###@## .#
#..##.....h.## ..
## #...##.#.#.# .
?. .##
#.#..###'###.. '#
..###.##.........#
.
.)..#...........#
....#####.....#..#
..................
..######.####...<.


You could see a skeletal warrior (ally target) and a friendly wolf (summoned).

Vanquished Creatures
  A steam dragon (D:7)
  2 water moccasins (D:7)
  A phantom (D:4)
  A scorpion (D:7)
  An orc priest (D:4)
  2 iguanas
  2 howler monkey zombies
  A gnoll (D:3)
  An adder (D:5)
  2 white imps (D:7)
  3 dart slugs
  An orc (D:4)
  3 ball pythons
  An endoplasm (D:3)
  A giant cockroach (D:3)
  A hobgoblin (D:4)
  2 quokkas
  3 bats (D:3)
  A frilled lizard (D:3)
  6 goblins
  A kobold (D:3)
37 creatures vanquished.

Vanquished Creatures (collateral kills)
  A manticore (D:7)
  Menkaure (D:6)
  3 water moccasins
  An orc warrior (D:6)
  A sky beast (D:5)
  A hornet zombie (D:7)
  A black bear (D:7)
  A centaur (D:5)
  An ogre (D:5)
  A phantom (D:4)
  A lemure (D:6)
  A bullfrog (D:6)
  4 scorpions
  A wyvern skeleton (D:6)
  A howler monkey (D:6)
  2 hounds
  A bullfrog zombie (D:5)
  2 jellies
  Ijyb (D:3)
  2 orc priests
  2 centaur skeletons
  An iguana (D:5)
  2 orc wizards
  A killer bee zombie (D:7)
  A hound zombie (D:5)
  Robin (D:2)
  4 adders
  10 gnolls
  A shadow imp (D:5)
  A white imp (D:5)
  4 worms
  A dart slug (D:2)
  22 orcs
  5 ball pythons
  2 bats
  5 endoplasms
  A giant cockroach (D:3)
  6 goblins
  3 hobgoblins
  8 jackals
  A quokka (D:3)
  2 frilled lizards (D:1)
  2 kobolds
  2 rats
116 creatures vanquished.

Vanquished Creatures (others)
  Harold (D:7)
  Pikel (D:6)
  A troll (D:7)
  A vampire (D:7)
  A vampire mosquito (D:7)
  Edmund (D:6)
  An ogre (D:6)
  A lemure (D:6)
  A gnoll shaman (D:7)
  2 fungi (D:7)
11 creatures vanquished.

Grand Total: 164 creatures vanquished

Notes
Turn   | Place    | Note
-------+----------+-------------------------------------------
     0 | D:1      | 4FPSwarrior the Barachi Summoner began the quest for the
                  | Orb.
     0 | D:1      | Reached XP level 1. HP: 13/13 MP: 3/3
   211 | D:1      | Reached skill level 5 in Summonings
   211 | D:1      | Reached XP level 2. HP: 20/20 MP: 1/5
   337 | D:1      | Learned a level 2 spell: Call Imp
   406 | D:1      | Reached skill level 1 in Fighting
  1363 | D:2      | Reached XP level 3. HP: 26/26 MP: 4/7
  1660 | D:2      | Found a faded altar of an unknown god.
  2469 | D:3      | Reached XP level 4. HP: 31/33 MP: 8/8
  2499 | D:3      | Learned a level 3 spell: Call Canine Familiar
  2594 | D:3      | Identified the +1 helmet "Apsuvoxu" {Rampage rF+++ Str-2
                  | Dex+3}
  2594 | D:3      | Noticed Robin
  2759 | D:2      | Killed Robin
  3015 | D:3      | Reached XP level 5. HP: 35/40 MP: 1/10
  3165 | D:3      | Noticed Ijyb
  3190 | D:3      | Killed Ijyb
  3191 | D:3      | Reached skill level 6 in Summonings
  3716 | D:3      | Noticed Sigmund
  3747 | D:4      | Noticed a phantom
  3791 | D:4      | Reached XP level 6. HP: 39/48 MP: 4/12
  4873 | D:5      | Entered Level 5 of the Dungeon
  4881 | D:4      | Reached XP level 7. HP: 47/55 MP: 6/13
  5299 | D:5      | Reached skill level 1 in Shields
  5299 | D:5      | Reached skill level 7 in Summonings
  5748 | D:4      | Reached skill level 5 in Fighting
  5916 | D:4      | Learned a level 3 spell: Summon Guardian Golem
  5918 | D:4      | Learned a level 1 spell: Apportation
  6138 | D:5      | Reached skill level 5 in Spellcasting
  7130 | D:4      | Reached skill level 1 in Hexes
  7130 | D:4      | Reached skill level 1 in Translocations
  7130 | D:4      | Reached XP level 8. HP: 63/63 MP: 7/15
  7516 | D:5      | Reached skill level 8 in Summonings
  9064 | D:6      | Identified 2 scrolls of acquirement
  9065 | D:6      | Acquired 917 gold pieces
  9066 | D:6      | Acquired a +2 tower shield of reflection
  9189 | D:6      | Reached XP level 9. HP: 71/71 MP: 9/17
  9338 | D:6      | Noticed Menkaure
  9344 | D:6      | Noticed Edmund
  9349 | D:6      | Killed Menkaure
  9406 | D:6      | Killed Edmund
  9409 | D:6      | Reached skill level 9 in Summonings
  9953 | D:6      | Noticed Pikel
 10131 | D:6      | Killed Pikel
 10384 | D:7      | Found Wafas's Weapon Shoppe.
 10397 | D:7      | Found a staircase to the Ecumenical Temple.
 10398 | D:7      | Noticed Harold
 10430 | D:7      | Killed Harold
 10502 | D:6      | Reached skill level 10 in Summonings
 10502 | D:6      | Reached XP level 10. HP: 35/82 MP: 7/19
 10883 | Temple   | Entered the Ecumenical Temple
 11355 | Temple   | Became a worshipper of Cheibriados the Contemplative
 11476 | D:7      | Noticed a skeletal warrior
 11476 | D:7      | Noticed a manticore
 11484 | D:7      | Noticed an eight-headed hydra
 12245 | D:7      | Reached skill level 1 in Armour
 12249 | D:7      | HP: 2/83 [manticore (5)]
 12252 | D:7      | Killed a manticore
 12632 | D:7      | Identified the +1 leather armour of Tartarus {rF+ Str+2
                  | Dex+2}
 12656 | D:7      | Reached skill level 1 in Short Blades
 12685 | D:7      | Reached * piety under Cheibriados
 12729 | D:7      | Slain by a skeletal warrior

Illustrated notes

Levels and vault maps discovered:
D:1:      sevenhm_arrival_forest_fort_large_4, layout_loops_ring
D:2:      layout_basic, hellmonk_ecumenical_altar_leap_of_faith
D:3:      layout_basic, uniq_ijyb, uniq_robin, uniq_sigmund
D:4:      layout_rooms, sigmund_army
D:5:      minmay_opposing_rooms, layout_loops_ring
D:6:      layout_cave_pods, kennysheep_small_square, uniq_edmund, uniq_pikel,
          uniq_menkaure
D:7:      minmay_the_grid_octo_2x2 [minmay_the_grid_octo_fan_narrow,
          minmay_the_grid_octo_horde, minmay_the_grid_octo_chip,
          minmay_the_grid_octo_prize_square_snowflake], layout_rooms,
          minmay_temple_entry_sparse_star, serial_shops,
          nicolae_shop_bloodbath_and_beyond, st_stairs_7, uniq_prince_ribbit1,
          uniq_crazy_yiuf_cottage, uniq_harold
Temple:   mainiacjoe_temple_starburst

Skill      XL: |  1  2  3  4  5  6  7  8  9 10 |
---------------+-------------------------------+-----
Summonings     | 5 6 7 8 10 | 10.5
Fighting       | 1 2 3 4 5 6 8 9 |  9.4
Spellcasting   | 3 4 5 6 |  6.7
Shields        | 2 3 4 |  4.2
Hexes          | 1 2 4 |  4.7
Translocations | 1 2 4 |  4.7
Armour         | 2 |  2.0
Short Blades   | 1 |  1.0
Dodging        | |  2.6
Stealth        | |  1.8
Invocations    | |  0.9

Action                   |  1- 3 |  4- 6 |  7- 9 | 10-12 || total
-------------------------+-------+-------+-------+-------++-------
Melee: Unarmed           |    17 |       |       |       ||    17
       Punch             |     1 |     4 |       |       ||     5
       Dagger            |    10 |     6 |       |    61 ||    77
       Short sword       |       |   129 |   118 |       ||   247
       Falchion          |       |     9 |       |       ||     9
       Whip              |       |       |       |     7 ||     7
 Cast: Summon Small Mamm |    35 |    23 |     4 |       ||    62
       Call Imp          |    16 |    26 |    42 |    10 ||    94
       Call Canine Famil |       |    16 |    41 |    17 ||    74
       Summon Guardian G |       |       |    13 |     8 ||    21
 Abil: Hop               |       |       |     4 |       ||     4
Evoke: Wand              |       |       |       |     1 ||     1
  Use: Scroll            |     4 |     4 |     4 |     2 ||    14
       Potion            |       |       |     1 |     3 ||     4
 Stab: Sleeping          |       |     2 |       |       ||     2
       Distracted        |       |     2 |     4 |     1 ||     7
       Paralysed         |       |       |       |     1 ||     1
Armor: Leather armour    |    10 |    46 |    37 |    24 ||   117
Dodge: Dodged            |    21 |    86 |   100 |    37 ||   244
Block: Buckler           |       |       |     6 |    19 ||    25
